 Dungeon Crawl Stone Soup version 0.30-b1-2-g02819fbbbe (webtiles) character file.

Game seed: 7237802022795340674

256 Metae the Shield-Bearer (level 5, -3/47 HPs)
             Began as a Minotaur Fighter on June 28, 2023.
             Was a Priest of Uskayaw.
             Slain by an iguana (6 damage)
             ... on level 5 of the Dungeon.
             The game lasted 00:05:20 (3834 turns).

Metae the Shield-Bearer (Minotaur Fighter)          Turns: 3834, Time: 00:05:21

Health: -3/47      AC: 10    Str: 22    XL:     5   Next: 92%
Magic:  4/4        EV:  8    Int:  5    God:    Uskayaw [***...]
Gold:   356        SH:  4    Dex: 10    Spells: 4/4 levels left

rFire   . . .        a - +0 rapier
rCold   . . .        c - +0 buckler
rNeg    . . .        w - +0 chain mail
rPois   .            (helmet restricted)
rElec   .            (no cloak)
rCorr   .            m - +0 pair of gloves
SInv    .            (no boots)
Will    .....        e - amulet of faith Stlth
                     (no ring)
HPRegen 0.27/turn    (no ring)
MPRegen 0.09/turn

%: faith
@: no status effects
A: horns 2, retaliatory headbutt
a: Renounce Religion, Stomp, Line Pass


You were on level 5 of the Dungeon.
You worshipped Uskayaw.
Uskayaw was noncommittal.
You visited 2 branches of the dungeon, and saw 6 of its levels.

You collected 356 gold pieces.

Inventory:

Hand Weapons
 a - a +0 rapier (weapon)
Missiles
 t - 10 poisoned darts (quivered)
Armour
 c - a +0 buckler (worn)
 m - a +0 pair of gloves (worn)
 w - a +0 chain mail (worn)
Jewellery
 e - an amulet of faith (around neck)
Wands
 b - a wand of charming (4)
Scrolls
 g - 4 scrolls of identify {unknown}
 h - a scroll of immolation {unknown}
 k - a scroll of enchant armour {unknown}
 l - a scroll of blinking {unknown}
 n - a scroll of magic mapping {unknown}
 q - 3 scrolls of fog {unknown}
 r - a scroll of noise {unknown}
 s - a scroll of teleportation {unknown}
 x - a scroll of summoning {unknown}
Potions
 d - 2 potions of might
 f - 4 potions of curing
 i - a potion of attraction {unknown}
 j - 2 potions of heal wounds {unknown}
 o - a potion of lignification {unknown}
 p - a potion of flight {unknown}
 u - a potion of resistance {unknown}
 v - 2 potions of haste {unknown}


   Skills:
 + Level 4.7 Fighting
 + Level 3.6 Short Blades
 + Level 4.8 Armour
 + Level 2.5 Dodging
 + Level 4.9 Shields
 + Level 0.0 Invocations


You had 4 spell levels left.
You didn't know any spells.
Your spell library contained the following spells:

 Spells                   Type           Power      Damage    Failure   Level
 Ozocubu's Armour         Ice            0%         N/A       100%        3
 Simulacrum               Ice/Necr       0%         N/A       100%        6
 Ozocubu's Refrigeration  Ice            0%         4d7       100%        7
 Polar Vortex             Ice            0%         N/A       100%        9


Dungeon Overview and Level Annotations

Branches:
Dungeon (5/15)             Temple (1/1) D:4

Altars:
Ashenzari
Cheibriados
Dithmenos
Elyvilon
Fedhas
Gozag
Hepliaklqana
Kikubaaqudgha
Makhleb
Nemelex Xobeh
Okawaru
Qazlal
Ru
Trog
Uskayaw
Vehumet
Xom
Yredelemnul
Zin
The Shining One


Innate Abilities, Weirdness & Mutations

You have a pair of horns on your head.
You reflexively headbutt those who attack you in melee.


Message History

You feel very sick.
The water moccasin bites you but does no damage.
The iguana bites you but does no damage.
You can now pass through a line of other dancers.
You hit the water moccasin. You headbutt the water moccasin.
The water moccasin is heavily wounded.
You feel sick.
The water moccasin bites you but does no damage.
The iguana barely misses you. You furiously retaliate!
You headbutt the iguana! The water moccasin bites you.
You hit the water moccasin. You headbutt the water moccasin.
The water moccasin is severely wounded.
You feel sick. You block the water moccasin's attack. The iguana bites you.
Uskayaw will force your foes to helplessly watch your dance.
Uskayaw prepares the audience for your solo!
The helpless water moccasin fails to defend itself.
You hit the water moccasin.
The water moccasin is severely wounded.
You feel sick.
The iguana is no longer paralysed.
The water moccasin is no longer paralysed.
The water moccasin bites you but does no damage.
You block the iguana's attack.
The water moccasin bites you but does no damage.
You closely miss the water moccasin.
The water moccasin is severely wounded.
You feel sick. The water moccasin bites you!
* * * LOW HITPOINT WARNING * * *
You are lethally poisoned!
The water moccasin poisons you! You block the iguana's attack.
You barely miss the water moccasin.
The water moccasin is severely wounded.
* * * LOW HITPOINT WARNING * * *
You feel very sick.
The water moccasin bites you but does no damage.
The iguana bites you but does no damage.
The water moccasin bites you but does no damage.
It was a potion of curing.
You feel better. The water moccasin bites you!
* * * LOW HITPOINT WARNING * * *
The iguana bites you.
You die...

.. ## .# .
.# #. .#
#.###.####
#......<)#
#...<....#
#........#
#...@l...#
##..S....#
#.......#
#.......#
####.##...
.# .... .#
### .#


You could see a water moccasin and an iguana.

Vanquished Creatures
  An orc priest (D:4)
  3 iguanas (D:4)
  Terence (D:2)
  3 gnolls (D:4)
  2 adders
  A white imp (D:4)
  A worm (D:3)
  A dart slug (D:2)
  2 orcs (D:3)
  6 bats
  5 endoplasms
  6 giant cockroaches
  8 goblins
  10 hobgoblins
  A quokka (D:2)
  5 ball pythons
  2 frilled lizards (D:1)
  7 kobolds
  6 rats
71 creatures vanquished.

Notes
Turn   | Place    | Note
-------+----------+-------------------------------------------
     0 | D:1      | Metae the Minotaur Fighter began the quest for the Orb.
     0 | D:1      | Reached XP level 1. HP: 19/19 MP: 0/0
   110 | D:1      | Reached XP level 2. HP: 27/27 MP: 1/1
   489 | D:1      | Found a faded altar of an unknown god.
   797 | D:2      | Reached skill level 1 in Dodging
   892 | D:2      | Reached XP level 3. HP: 32/33 MP: 2/2
   918 | D:2      | Noticed Terence
   928 | D:2      | Killed Terence
  1252 | D:2      | Reached XP level 4. HP: 40/40 MP: 3/3
  2324 | D:3      | Found an iron altar of Okawaru.
  2663 | D:4      | Reached XP level 5. HP: 38/47 MP: 4/4
  2834 | D:4      | Found a staircase to the Ecumenical Temple.
  2874 | Temple   | Entered the Ecumenical Temple
  2992 | Temple   | Became a worshipper of Uskayaw the Reveller
  3216 | D:4      | Found a sacrificial altar of Ru.
  3221 | D:4      | Reached * piety under Uskayaw
  3228 | D:4      | Reached ** piety under Uskayaw
  3607 | D:4      | Found a glowing golden altar of the Shining One.
  3822 | D:5      | Entered Level 5 of the Dungeon
  3822 | D:5      | Noticed a water moccasin
  3830 | D:5      | Reached *** piety under Uskayaw
  3834 | D:5      | Slain by an iguana

Illustrated notes

Levels and vault maps discovered:
D:1:      shiori_arrival_elements, layout_basic,
          dreamdust_ecumenical_altar_angels_and_demons, minmay_heptomino_d4
D:2:      layout_rooms, chequers_arboretum, uniq_terence
D:3:      layout_basic, hellmonk_okawaru_the_only_friend_you_need
D:4:      layout_basic, general_overflow_altar, tso_metal_star,
          minmay_temple_entry_proselytizer, serial_bayou_pond_e
D:5:      layout_loops_ring, nicolae_ossuary_entry_catacombs,
          minmay_misc_feat_plants, grunt_ministairs_4
Temple:   minmay_temple_bridge_d

Skill      XL: |  1  2  3  4 |
---------------+-------------+-----
Dodging        | 1 2 |  2.5
Shields        | 4 |  4.9
Armour         | 4 |  4.8
Fighting       | 4 |  4.7
Short Blades   | 3 |  3.6

Action                     |  1- 3 |  4- 6 || total
---------------------------+-------+-------++-------
  Melee: Rapier            |    82 |   133 ||   215
         Headbutt          |     8 |    18 ||    26
    Use: Potion            |       |     1 ||     1
   Stab: Paralysed         |       |     1 ||     1
 Armour: Scale mail        |    46 |    16 ||    62
         Chain mail        |       |    23 ||    23
  Dodge: Dodged            |    48 |    53 ||   101
  Block: Buckler           |    28 |    24 ||    52
